 Dungeon Crawl Stone Soup version 0.18.1-8-gdd0e5ea (webtiles) character file.

12445 LORDOFBUTT the Cleaver (level 11, -2/99 HPs)
             Began as a Minotaur Berserker on May 24, 2016.
             Was a High Priest of Trog.
             Slain by a basilisk (5 damage)
             ... on level 11 of the Dungeon.
             The game lasted 00:16:33 (9791 turns).

LORDOFBUTT the Cleaver (Minotaur Berserker)         Turns: 9791, Time: 00:16:33

Health: -2/99      AC: 12    Str: 22    XL:     11   Next: 62%
Magic:  14/14      EV:  2    Int:  4    God:    Trog [*****.]
Gold:   478        SH:  0    Dex: 13    Spells: 0 memorised, 10 levels left

rFire  . . .     SeeInvis .     I - +2 battleaxe (chop)
rCold  . . .     Gourm    .     m - +0 ring mail
rNeg   + + +     Faith    .     (shield currently unavailable)
rPois  ∞         Spirit   .     (helmet restricted)
rElec  .         Dismiss  .     n - +0 cloak
rCorr  .         Reflect  +     e - +0 pair of gloves
SustAt .         Harm     .     a - +2 pair of boots
MR     .....                    A - +4 amulet of reflection
Stlth  +.........               (no ring)
                                (no ring)

@: exhausted, petrified, slowed, not resistant to hostile enchantments, very
unstealthy
A: retaliatory headbutt, horns 2, wild magic 1
a: Berserk, Trog's Hand, Brothers in Arms, Burn Spellbooks, Renounce Religion


You were on level 11 of the Dungeon.
You worshipped Trog.
Trog was extremely pleased with you.
You were not hungry.

You visited 1 branch of the dungeon, and saw 11 of its levels.

You collected 478 gold pieces.

Inventory:

Hand Weapons
 I - a +2 battleaxe of chopping (weapon)
Missiles
 F - 3 javelins of penetration (quivered)
Armour
 a - a +2 pair of boots (worn)
 e - a +0 pair of gloves (worn)
 m - a +0 ring mail (worn)
 n - a +0 cloak (worn)
Jewellery
 A - a +4 amulet of reflection (around neck)
Wands
 g - a wand of random effects (24/48)
 i - a wand of hasting (4/9)
 w - a wand of confusion (48/48)
 z - a wand of teleportation (4/9)
 G - a wand of disintegration (13/24)
Scrolls
 f - 5 scrolls of teleportation
 o - a scroll of identify
 p - a scroll of random uselessness
 y - a scroll of summoning {unknown}
 B - 3 scrolls of remove curse
Potions
 b - 2 potions of invisibility
 h - a potion of cancellation
 j - 4 potions of might
 k - a potion of agility
 s - 8 potions of curing
 u - 2 potions of lignification {unknown}
 v - a potion of flight {unknown}
 x - a potion of mutation
 E - 3 potions of heal wounds {unknown}
 H - a potion of resistance {unknown}
Books
 t - a book of Minor Magic

   Spells                             Type                      Level
   a - Magic Dart                     Conjuration                  1
   b - Blink                          Translocation                2
   c - Call Imp                       Summoning                    2
   d - Repel Missiles                 Charms/Air                   2
   e - Slow                           Hexes                        2
   f - Conjure Flame                  Conjuration/Fire             3
   g - Mephitic Cloud                 Conjuration/Poison/Air       3
   Trog disapproves of the use of such an item.
Comestibles
 c - 4 bread rations
 d - 3 meat rations
 D - 6 beef jerkies


   Skills:
 + Level 9.8 Fighting
 * Level 11.4(12.3) Axes
   Level 7.8(10.7) Polearms
 + Level 8.0 Armour
 + Level 8.8 Dodging
 + Level 2.5 Stealth
   Level 3.6 Shields
 * Level 6.0 Evocations


You had 10 spell levels left.
You didn't know any spells.

Dungeon Overview and Level Annotations

Branches:
Dungeon (11/15)            Temple (0/1) D:5             Orc (0/2) D:9
   Lair: D:8-11

Altars:
Dithmenos
Elyvilon
Makhleb
Zin

Annotations:
D:11 Urug


Innate Abilities, Weirdness & Mutations

You reflexively headbutt those who attack you in melee.
You have a pair of horns on your head.
Your spells are a little harder to cast, but a little more powerful.


Message History

You feel your anger subside.
You are no longer berserk.
You are exhausted.
You feel yourself slow down. The basilisk gazes at you.
You are slowing down.
Your limbs are stiffening.
The basilisk gazes at you.
Your limbs have turned to stone.
You have turned to stone.
The basilisk gazes at you. You resist with some effort.
The basilisk gazes at you.
The river rat bites you but does no damage.
The basilisk bites you!
* * * LOW HITPOINT WARNING * * *
The river rat bites you.
* * * LOW HITPOINT WARNING * * *
The basilisk bites you but does no damage.
The river rat bites you but does no damage.
The basilisk bites you!
You die...

.......... ....#
.......}. ....#
#........ ...# #(.# #..#
#..# #..# #..# #..#
.######..# #.<#
.........############..#
.........l@............#
#####....r......)†.....#
#####..................#
.......................#
.......................#
##.....................#
#...#####...#########.#
..... #...#########.#
##...#####......(......#


You could see a basilisk and a river rat.

Vanquished Creatures
  Erica (D:8)
  Harold (D:10)
  Erolcha (D:9)
  The ghost of MetaCosm the Shield-Bearer, a novice DDFi of Makhleb (D:10)
  The ghost of MetaCosm the Twirler, a novice FoFi of Makhleb (D:6)
  A hill giant (D:11)
  2 gargoyles (D:10)
  A troll (D:10)
  A two-headed ogre (D:9)
  Grinder (D:3)
  A vampire (D:10)
  A wraith (D:10)
  A wyvern (D:8)
  5 yaks (D:9)
  2 hungry ghosts (D:9)
  Grum (D:9)
  Duvessa (D:7)
  A water moccasin (D:7)
  An ice beast (D:5)
  A sky beast (D:9)
  2 orc warriors (D:6)
  A black bear (D:9)
  2 phantoms (D:9)
  A necrophage (D:10)
  3 wolves (D:9)
  5 ogres
  A centaur (D:8)
  The ghost of mobby the Magician, an amateur DsWz (D:4)
  17 big kobolds
  A gnoll sergeant (D:8)
  6 giant frogs
  5 scorpions
  Dowan (D:7)
  A troll zombie (D:9)
  3 killer bees (D:8)
  2 howler monkeys
  An electric eel (D:7)
  5 crimson imps
  A quasit (D:7)
  A giant frog zombie (D:7)
  A jelly (D:7)
  A giant frog skeleton (D:8)
  7 orc priests
  4 hounds
  13 orc wizards
  Crazy Yiuf (D:2)
  Jessica (D:2)
  6 iguanas
  Ijyb (D:3)
  Terence (D:3)
  9 worker ants
  A killer bee zombie (D:10)
  7 ogre zombies (D:9)
  2 hound skeletons
  2 worker ant zombies (D:9)
  10 gnolls
  12 adders
  6 shadow imps
  An adder skeleton (D:4)
  3 worms (D:2)
  A dart slug (D:1)
  4 giant geckos
  50 orcs
  A ball python (D:5)
  5 bats
  7 giant cockroaches
  3 goblins
  2 hobgoblins
  9 jackals
  21 kobolds
  2 quokkas
  4 giant newts
  5 goblin zombies (D:9)
  3 hobgoblin zombies (D:9)
  An orc skeleton (D:9)
  16 orc zombies (D:9)
  2 quokka skeletons
  3 quokka zombies
  7 rats
321 creatures vanquished.

Notes
Turn   | Place    | Note
--------------------------------------------------------------
     0 | D:1      | LORDOFBUTT the Minotaur Berserker began the quest for the Orb.
     0 | D:1      | Reached XP level 1. HP: 19/19 MP: 0/0
   155 | D:1      | Reached XP level 2. HP: 22/27 MP: 1/1
   328 | D:1      | Reached skill level 4 in Axes
   697 | D:2      | Reached ** piety under Trog
   744 | D:2      | Reached XP level 3. HP: 23/33 MP: 2/2
   792 | D:2      | Noticed Jessica
   798 | D:2      | Killed Jessica
   798 | D:2      | Reached XP level 4. HP: 27/41 MP: 3/3
  1152 | D:2      | Reached skill level 5 in Fighting
  1432 | D:2      | Noticed Crazy Yiuf
  1436 | D:2      | Paralysed by Crazy Yiuf for 6 turns
  1443 | D:2      | Killed Crazy Yiuf
  1902 | D:3      | Noticed Ijyb
  1908 | D:3      | Noticed Grinder
  1914 | D:3      | Killed Ijyb
  1914 | D:3      | Reached XP level 5. HP: 48/48 MP: 4/4
  2160 | D:3      | Killed Grinder
  2160 | D:3      | Reached skill level 5 in Axes
  2160 | D:3      | Reached skill level 1 in Stealth
  2160 | D:3      | Reached XP level 6. HP: 56/56 MP: 5/5
  2233 | D:3      | Noticed Terence
  2248 | D:3      | Killed Terence
  2522 | D:4      | Reached *** piety under Trog
  2526 | D:4      | Noticed mobby's ghost (amateur DsWz)
  2539 | D:4      | Killed mobby's ghost
  2539 | D:4      | Reached XP level 7. HP: 29/61 MP: 6/6
  2831 | D:4      | Reached skill level 1 in Polearms
  2831 | D:4      | Reached skill level 5 in Armour
  3089 | D:4      | Reached skill level 5 in Dodging
  3363 | D:5      | Entered Level 5 of the Dungeon
  3396 | D:5      | Reached XP level 8. HP: 32/71 MP: 7/7
  3618 | D:5      | Found a staircase to the Ecumenical Temple.
  3995 | D:5      | Found a shadowy altar of Dithmenos.
  4048 | D:6      | Reached **** piety under Trog
  4051 | D:6      | Received a gift from Trog
  4052 | D:6      | Reached skill level 1 in Evocations
  4063 | D:6      | Reached skill level 5 in Polearms
  4300 | D:6      | Noticed MetaCosm's ghost (novice FoFi)
  4689 | D:6      | Killed MetaCosm's ghost
  4689 | D:6      | Reached XP level 9. HP: 56/79 MP: 9/9
  5160 | D:7      | Found a white marble altar of Elyvilon.
  5495 | D:7      | Reached skill level 1 in Shields
  5537 | D:7      | Found a burning altar of Makhleb.
  5559 | D:7      | Found a glowing silver altar of Zin.
  5559 | D:7      | Noticed a cacodemon
  5559 | D:7      | Noticed an angel
  5863 | D:7      | Noticed Dowan
  5865 | D:7      | Noticed Duvessa
  5868 | D:7      | Killed Dowan
  5870 | D:7      | Killed Duvessa
  5954 | D:8      | Noticed Erica
  5969 | D:8      | Killed Erica
  5969 | D:8      | Reached skill level 6 in Axes
  5969 | D:8      | Reached XP level 10. HP: 67/88 MP: 10/12
  6587 | D:8      | Reached ***** piety under Trog
  6707 | D:8      | Reached skill level 7 in Axes
  7178 | D:9      | Found a staircase to the Orcish Mines.
  7334 | D:9      | Reached skill level 8 in Axes
  7395 | D:9      | Reached skill level 9 in Axes
  7411 | D:9      | Noticed Grum
  7842 | D:9      | Noticed Erolcha
  7851 | D:9      | Killed Erolcha
  7851 | D:9      | Reached skill level 5 in Evocations
  7928 | D:9      | Killed Grum
  8048 | D:9      | Reached XP level 11. HP: 77/97 MP: 13/13
  8050 | D:9      | Gained mutation: You are frail (-10% HP). [potion of mutation]
  8050 | D:9      | Gained mutation: You are agile. (Dex +2) [potion of mutation]
  8050 | D:9      | Gained mutation: Your spells are a little harder to cast, but a little more powerful. [potion of mutation]
  8055 | D:9      | Gained mutation: Your flesh is cold resistant. [mutagenic meat]
  8056 | D:9      | Gained mutation: You are dopey. (Int -2) [mutagenic meat]
  8057 | D:9      | Lost intelligence.
  8057 | D:9      | Gained mutation: You are very dopey. (Int -4) [mutagenic meat]
  8095 | D:9      | Lost mutation: You are agile. (Dex +2) [potion of cure mutation]
  8095 | D:9      | Lost mutation: You are frail (-10% HP). [potion of cure mutation]
  8095 | D:9      | Lost mutation: You are very dopey. (Int -4) [potion of cure mutation]
  8095 | D:9      | Lost mutation: You are dopey. (Int -2) [potion of cure mutation]
  8095 | D:9      | Lost mutation: Your flesh is cold resistant. [potion of cure mutation]
  8514 | D:10     | Entered Level 10 of the Dungeon
  8530 | D:10     | Noticed MetaCosm's ghost (novice DDFi)
  8541 | D:10     | Killed MetaCosm's ghost
  8541 | D:10     | Reached skill level 10 in Axes
  8673 | D:10     | Received a gift from Trog
  9010 | D:10     | Noticed Harold
  9035 | D:10     | Killed Harold
  9035 | D:10     | Received a gift from Trog
  9589 | D:10     | Reached skill level 11 in Axes
  9724 | D:11     | Noticed a hill giant
  9733 | D:11     | Killed a hill giant
  9765 | D:11     | Noticed Urug
  9789 | D:11     | HP: 3/99 [basilisk (7)]
  9791 | D:11     | Slain by a basilisk

Skill      XL: |  1  2  3  4  5  6  7  8  9 10 11 |
---------------+----------------------------------+-----
Fighting       | 4 5 6 7 9 |  9.8
Axes           | 4 5 6 9 11 | 11.4
Armour         | 3 4 5 6 7 8 |  8.0
Dodging        | 3 4 5 6 7 8 |  8.8
Stealth        | 1 2 |  2.5
Polearms       | 3 6 7 |  7.8
Evocations     | 2 4 5 6 |  6.0
Shields        | 2 3 |  3.6

Action                   |  1- 3 |  4- 6 |  7- 9 | 10-12 || total
-------------------------+-------+-------+-------+-------++-------
Melee: Hand axe          |    48 |    69 |       |       ||   117
       Headbutt          |     8 |    17 |    51 |    75 ||   151
       Trident           |       |    37 |   266 |       ||   303
       Broad axe         |       |       |    45 |   319 ||   364
       Battleaxe         |       |       |       |    58 ||    58
Invok: Berserk           |       |     4 |     3 |    10 ||    17
  Use: Scroll            |       |     4 |     9 |     2 ||    15
       Potion            |       |       |     1 |     3 ||     4
 Stab: Sleeping          |     1 |     1 |     1 |     1 ||     4
       Distracted        |       |       |     1 |       ||     1
  Eat: Meat ration       |       |     1 |     2 |     1 ||     4
       Chunk             |       |     1 |       |     3 ||     4
       Bread ration      |       |     1 |       |     4 ||     5
       Beef jerky        |       |       |     2 |     6 ||     8
Armor: Animal skin       |     8 |     3 |       |       ||    11
       Ring mail         |       |    25 |    98 |   138 ||   261
Dodge: Dodged            |    33 |    67 |   145 |   304 ||   549
Block: Other             |       |       |    14 |    73 ||    87
       Reflection        |       |       |       |     4 ||     4
